Map: Triton LE

Players

Polt

  • Race: Terran Terran
  • Spawn Location: 11:00

Harstem - Winner!

  • Race: Protoss Protoss
  • Spawn Location: 5:00

Event: IEM Katowice 2020

VOD

Have the link to the VOD?

Description

Time

  • Played on: Feb. 25, 2020, 5:26 a.m.
  • Length: 16:43

All games in this series

Show
View Real Time Build Order
Export as new Build Order

Polt Terran 

Build Orders: Reaper Expand 

Get SALT Encoding   

  12  0:00  SCV  
  13  0:13  SCV  
  14  0:17  Supply Depot  
  14  0:25  SCV  
  15  0:38  SCV  
  15  0:40  Barracks  
  16  0:43  Refinery  
  16  0:50  SCV  
  17  1:03  SCV  
  18  1:15  SCV  
  19  1:27  Reaper, Orbital Command  
  20  1:39  Command Center  
  20  1:52  Barracks  
  20  1:54  SCV  
  20  1:59  Barracks Reactor  
  21  2:05  Supply Depot  
  22  2:08  SCV  
  22  2:19  Engineering Bay  
  22  2:20  SCV  
  23  2:32  SCV  
  23  2:36  Marine x2  
  26  2:40  Barracks Tech Lab  
  26  2:44  SCV  
  26  2:47  Terran Infantry Weapons Level 1  
  27  2:52  Orbital Command  
  27  2:55  Marine x2  
  27  2:57  SCV  
  27  2:58  Marine  
  31  3:09  SCV  
  32  3:13  Stimpack, Marine x2  
  32  3:16  Marine  
  32  3:18  SCV  
  36  3:21  SCV  
  36  3:23  Supply Depot  
  37  3:30  SCV  
  37  3:31  Refinery  
  37  3:33  SCV, Marine x2  
  43  3:34  Marauder  
  43  3:42  SCV  
  43  3:45  SCV  
  43  3:46  Supply Depot  
  45  3:50  Marine  
  45  3:51  Marine  
  45  3:54  SCV  
  50  3:56  Marauder  
  50  3:57  SCV  
  51  4:04  Factory  
  51  4:06  SCV  
  51  4:09  SCV, Supply Depot  
  53  4:13  Marine x2  
  57  4:17  Marauder  
  57  4:22  SCV x2  
  59  4:34  SCV x2, Refinery, Marine x2  
  65  4:38  Marauder  
  65  4:46  SCV x2  
  65  4:47  Starport  
  65  4:48  Factory Reactor  
  65  4:51  Barracks  
  67  4:53  Marine x2  
  67  4:57  Refinery  
  67  4:58  SCV, Supply Depot x2  
  70  5:01  Combat Shield  
  70  5:14  SCV  
  70  5:17  Terran Infantry Armor Level 1  
  70  5:19  SCV, Marine  
  72  5:28  Marine x2  
  72  5:31  SCV  
  72  5:32  SCV  
  72  5:37  Marauder  
  72  5:39  Medivac x2  
  74  5:43  SCV  
  74  5:44  SCV, Barracks Tech Lab  
  74  5:46  Marine x2  
  76  5:54  Command Center  
  76  5:55  SCV  
  76  5:56  SCV, Barracks  
  78  5:57  Barracks  
  78  5:59  Marauder  
  78  6:01  Factory Reactor  
  80  6:07  Supply Depot  
  80  6:08  SCV x2  
  80  6:09  Supply Depot  
  80  6:11  Medivac x2  
  86  6:25  SCV x2, Marine x2  
  86  6:26  Supply Depot, Marauder x2  
  94  6:37  SCV x2  
  94  6:39  Armory, Engineering Bay  
  96  6:43  Widow Mine x2  
  100  6:47  Barracks Reactor, Barracks Tech Lab  
  100  6:48  Concussive Shells, Marine x2  
  100  6:49  Marauder x2  
  100  6:50  SCV  
  100  6:51  Refinery  
  107  6:59  SCV  
  108  7:02  SCV  
  108  7:03  Medivac x2  
  113  7:10  Missile Turret  
  113  7:12  Orbital Command  
  113  7:14  Marauder x2, Marine x2  
  119  7:16  Marine  
  120  7:27  Widow Mine x2  
  120  7:28  SCV, Terran Infantry Weapons Level 2  
  120  7:29  SCV  
  126  7:36  Marauder x3  
  132  7:38  Marine  
  133  7:44  Terran Infantry Armor Level 2  
  133  7:48  SCV x2, Marine x3  
  133  7:49  SCV  
  129  7:54  Supply Depot x2  
  133  7:58  Viking  
  133  7:59  Viking  
  133  8:04  Starport  
  133  8:05  Refinery  
  133  8:06  Terran Ship Weapons Level 1  
  133  8:07  SCV  
  133  8:08  SCV x2  
  138  8:20  Marauder x3, Marine x4  
  138  8:25  Supply Depot  
  146  8:27  Supply Depot  
  146  8:28  Supply Depot  
  146  8:30  Viking x2  
  150  8:40  Viking x2  
  154  8:47  Marauder x3, Marine x4  
  163  8:55  Supply Depot  
  163  9:02  Viking  
  163  9:03  Viking  
  163  9:09  Ghost Academy  
  167  9:10  Viking x2  
  167  9:12  Marauder x2, Marine x4  
  167  9:13  Marauder  
  178  9:31  Missile Turret  
  178  9:32  Command Center  
  176  9:39  Marauder x3, Marine x4  
  182  9:55  Terran Infantry Weapons Level 3  
  182  9:57  Marine x4  
  182  9:59  Ghost  
  188  10:10  Ghost x2  
  176  10:27  Marine x4  
  168  10:29  Marauder  
  168  10:30  Liberator x3  
  168  10:31  Liberator  
  179  10:39  Marauder x2  
  129  10:53  Marauder, Marine x4  
  108  10:57  SCV x3  
  108  11:00  Marauder  
  108  11:01  Marauder  
  86  11:11  SCV x3  
  86  11:17  Marine x2  
  86  11:18  Marauder, Marine x2  
  94  11:22  Marauder x2  
  94  11:25  SCV x3  
  101  11:37  SCV x3, Sensor Tower  
  88  11:55  Marauder x3, Marine x4  
  88  11:56  SCV x3  
  93  12:09  Terran Infantry Armor Level 3  
  87  12:24  Ghost x3  
  87  12:25  Marine x4  
  87  12:26  SCV x3  
  100  12:35  Missile Turret  
  98  12:38  SCV x2  
  98  12:39  SCV  
  97  12:46  Missile Turret  
  97  12:49  Marine x2  
  97  12:50  Marine x2  
  98  12:53  Marauder  
  98  12:54  Marauder x2  
  98  12:56  Medivac x2  
  98  12:58  Viking x2  
  108  13:03  SCV x3  
  106  13:15  SCV x3  
  106  13:26  Marauder x2, Marine x4  
  106  13:27  Marauder  
  92  13:44  Marine  
  92  13:45  Marine x3  
  92  13:48  Marauder x3  
  102  13:52  Liberator  
  102  13:53  Liberator x2  
  111  13:56  Liberator  
  111  14:02  Missile Turret  
  109  14:23  Marauder x3, Marine x4  
  119  14:39  Viking x2  
  119  14:41  Marine x4  
  119  14:44  Marauder x2  
  119  14:45  Marauder  
  95  15:01  Marine x3  
  95  15:06  Marauder x3  
  96  15:26  Ghost  
  98  15:41  Marauder  
  98  15:42  Marauder  
  102  15:43  Marine x3  
  102  15:45  Marine  
  94  16:12  Marine x2  
  94  16:13  Marauder x3, Marine x2  
Show
View Real Time Build Order
Export as new Build Order

Harstem Protoss - Winner!

Build Orders: 1 Gate Expand, Colossus Rush 

Get SALT Encoding   

  12  0:00  Probe  
  13  0:12  Probe  
  14  0:17  Pylon  
  14  0:25  Probe  
  15  0:36  Gateway  
  15  0:37  Probe (Chrono Boost)  
  16  0:46  Probe (Chrono Boost)  
  16  0:47  Assimilator  
  17  0:52  Probe (Chrono Boost)  
  18  1:03  Probe  
  19  1:16  Probe  
  20  1:22  Nexus  
  20  1:32  Cybernetics Core  
  20  1:36  Probe  
  21  1:41  Assimilator  
  21  1:48  Probe  
  21  1:51  Pylon  
  22  2:00  Probe  
  23  2:08  Adept (Chrono Boost)  
  23  2:11  Warp Gate  
  23  2:12  Probe  
  26  2:19  Robotics Facility  
  26  2:24  Probe (Chrono Boost)  
  26  2:29  Stalker (Chrono Boost)  
  27  2:35  Probe (Chrono Boost)  
  31  2:42  Probe (Chrono Boost)  
  32  2:45  Probe (Chrono Boost)  
  32  2:49  Probe (Chrono Boost)  
  32  2:50  Probe (Chrono Boost)  
  33  2:53  Stalker  
  36  3:00  Probe  
  36  3:02  Probe  
  36  3:04  Gateway  
  38  3:07  Observer (Chrono Boost)  
  38  3:11  Pylon  
  39  3:13  Probe  
  39  3:16  Probe  
  41  3:25  Probe, Observer (Chrono Boost)  
  43  3:28  Probe  
  44  3:37  Probe, Nexus  
  44  3:40  Pylon, Observer  
  44  3:41  Probe  
  47  3:45  Pylon  
  47  3:52  Assimilator  
  47  3:53  Probe x2 (Chrono Boost)  
  47  3:54  Assimilator  
  49  4:00  Stalker  
  53  4:03  Probe (Chrono Boost)  
  53  4:04  Probe (Chrono Boost)  
  53  4:05  Stalker  
  53  4:08  Probe  
  55  4:13  Probe  
  55  4:16  Pylon  
  57  4:20  Probe  
  58  4:25  Probe, Robotics Bay  
  58  4:29  Stalker  
  61  4:33  Probe  
  61  4:36  Forge  
  61  4:37  Probe  
  63  4:39  Observer  
  63  4:41  Immortal (Chrono Boost)  
  63  4:45  Probe  
  68  4:48  Sentry  
  68  4:49  Probe  
  68  4:50  Pylon  
  68  4:51  Probe  
  72  4:57  Probe  
  73  5:01  Probe, Zealot  
  73  5:04  Probe  
  77  5:09  Colossus (Chrono Boost)  
  77  5:10  Probe  
  84  5:16  Adept  
  85  5:24  Adept  
  85  5:25  Probe  
  85  5:27  Probe  
  83  5:30  Pylon  
  79  5:38  Probe  
  79  5:39  Probe  
  73  5:44  Sentry  
  73  5:48  Protoss Ground Weapons Level 1 (Chrono Boost)  
  71  5:50  Probe  
  71  5:51  Probe  
  71  5:53  Twilight Council  
  71  5:55  Probe  
  71  5:56  Pylon, Gateway  
  74  5:57  Colossus (Chrono Boost), Gateway  
  74  5:59  Observer  
  74  6:02  Probe  
  74  6:03  Probe, Observer  
  82  6:07  Shield Battery  
  82  6:08  Probe  
  82  6:10  Extended Thermal Lance (Chrono Boost)  
  83  6:11  Zealot  
  83  6:18  Sentry, Photon Cannon  
  85  6:22  Probe x2  
  89  6:26  Probe  
  89  6:30  Shield Battery  
  90  6:33  Stalker  
  90  6:34  Probe x2  
  90  6:38  Probe  
  90  6:39  Pylon  
  95  6:43  Stalker, Colossus (Chrono Boost)  
  95  6:46  Assimilator  
  101  6:48  Assimilator  
  101  6:53  Forge  
  101  6:54  Charge  
  101  6:56  Probe  
  101  6:58  Probe  
  102  7:05  Pylon  
  102  7:07  Stalker, Zealot  
  107  7:08  Probe  
  107  7:10  Probe  
  107  7:11  Pylon  
  108  7:18  Stalker  
  108  7:20  Probe, Zealot  
  112  7:23  Warp Prism (Chrono Boost)  
  112  7:24  Pylon  
  112  7:26  Pylon  
  112  7:29  Stalker  
  116  7:32  Zealot  
  118  7:38  Probe  
  118  7:39  Protoss Ground Armor Level 1 (Chrono Boost)  
  118  7:40  Photon Cannon  
  119  7:45  Zealot x2  
  119  7:51  Gateway  
  121  7:53  Gateway  
  121  7:56  Zealot x2  
  121  7:57  Disruptor (Chrono Boost)  
  125  8:00  Gravitic Drive  
  125  8:04  Probe  
  129  8:08  Gateway  
  129  8:09  Gateway  
  129  8:12  Protoss Ground Weapons Level 2 (Chrono Boost)  
  129  8:14  Zealot x2  
  129  8:19  Pylon  
  133  8:20  Templar Archives  
  133  8:24  Zealot x2  
  133  8:26  Pylon  
  137  8:36  Disruptor (Chrono Boost)  
  137  8:38  Probe  
  137  8:40  Nexus  
  137  8:50  Probe  
  137  8:52  Zealot x4  
  144  8:57  High Templar  
  144  8:58  Probe, High Templar  
  144  8:59  Disruptor (Chrono Boost)  
  144  9:00  Pylon  
  144  9:02  Archon  
  152  9:04  Blink  
  152  9:07  Pylon, Zealot  
  154  9:18  Probe, Dark Shrine  
  155  9:31  Disruptor  
  155  9:32  Zealot x4, High Templar x2  
  155  9:36  Pylon, Protoss Ground Armor Level 2  
  155  9:37  Pylon  
  168  9:39  Archon  
  166  9:46  Zealot x2  
  166  9:49  Probe  
  166  9:50  Photon Cannon  
  166  9:51  Probe, Photon Cannon  
  172  9:57  Zealot x3  
  174  10:06  Stalker x3  
  178  10:26  Probe  
  178  10:28  Stalker x4  
  172  10:34  Probe, Stalker x4  
  172  10:35  Disruptor  
  168  10:38  Pylon  
  137  10:53  Zealot x2, Dark Templar  
  137  10:56  Dark Templar  
  128  10:59  Probe  
  115  11:08  Colossus (Chrono Boost)  
  105  11:12  Zealot x2, High Templar x2  
  105  11:15  Nexus  
  119  11:20  Probe (Chrono Boost)  
  119  11:21  Probe (Chrono Boost)  
  119  11:22  Probe (Chrono Boost)  
  119  11:23  Stalker, Pylon  
  119  11:25  Archon  
  124  11:28  Zealot  
  128  11:34  Probe (Chrono Boost), High Templar x2  
  128  11:36  Protoss Ground Weapons Level 3 (Chrono Boost)  
  128  11:38  Probe x2 (Chrono Boost)  
  128  11:39  Archon  
  128  11:55  Zealot x5  
  132  12:03  Colossus (Chrono Boost)  
  128  12:13  High Templar x2  
  128  12:14  Zealot  
  134  12:17  Probe x2  
  134  12:18  Archon  
  136  12:23  Zealot x2, Dark Templar  
  136  12:27  Stalker  
  142  12:44  Stalker x4  
  144  12:57  Stalker  
  144  12:58  Stalker x2  
  146  12:59  Probe  
  147  13:11  Dark Templar  
  147  13:12  Zealot x4  
  149  13:13  Nexus  
  147  13:24  Disruptor (Chrono Boost)  
  133  13:29  Protoss Ground Armor Level 3 (Chrono Boost)  
  125  13:36  Probe (Chrono Boost)  
  125  13:39  Probe (Chrono Boost)  
  128  13:42  Probe (Chrono Boost)  
  128  13:48  Dark Templar x2  
  128  13:49  Zealot x5, Dark Templar  
  144  13:57  Colossus (Chrono Boost)  
  144  14:01  Assimilator  
  150  14:07  Pylon, Assimilator  
  150  14:11  Sentry  
  150  14:12  Stalker x3  
  154  14:27  Zealot x4  
  154  14:30  Probe  
  163  14:35  Stalker x2  
  167  14:38  Disruptor (Chrono Boost)  
  141  15:01  Stalker x8  
  141  15:05  Probe (Chrono Boost)  
  141  15:06  Disruptor (Chrono Boost)  
  152  15:11  Gateway  
  152  15:13  Assimilator, Gateway  
  155  15:15  Probe (Chrono Boost)  
  155  15:16  Probe (Chrono Boost)  
  155  15:17  Assimilator  
  155  15:18  Probe (Chrono Boost), Pylon  
  155  15:19  Probe (Chrono Boost)  
  159  15:25  Stalker x5  
  167  15:34  Dark Templar  
  167  15:35  Zealot x2  
  173  15:37  Colossus (Chrono Boost)  
  179  15:56  Probe  
  173  15:57  Stalker x5  
  180  16:16  Zealot x4  
  180  16:17  Zealot  
  171  16:33  Stalker x5  

Tags
 
Add a new tag
Caveats
  • Supply blocks, unpowered buildings, or Contaminate may cause inaccurate times.
  • Supply counts are checked every 10 seconds.